 Dungeon Crawl Stone Soup version 0.29-a0-356-g7bc237e783 (webtiles) character file.

Game seed: 683556000435496802

65 freelancePsychic the Vexing (level 3, -3/26 HPs)
             Began as a Demonspawn Enchanter on Apr 25, 2022.
             Slain by an orc
             ... wielding a +0 trident
              (5 damage)
             ... on level 3 of the Dungeon on Apr 26, 2022.
             The game lasted 00:05:27 (2580 turns).

freelancePsychic the Vexing (Demonspawn Enchanter)  Turns: 2580, Time: 00:05:28

Health: -3/26      AC:  3    Str:  8    XL:     3   Next: 92%
Magic:  15/15      EV: 12    Int: 18    God:
Gold:   64         SH:  4    Dex: 13    Spells: 4/6 levels left

rFire   . . .      SeeInvis .   a - +1 dagger
rCold   + . .      Faith    .   (no shield)
rNeg    . . .      Spirit   .   b - +1 robe
rPois   .          Reflect  .   (no helmet)
rElec   .          Harm     .   (no cloak)
rCorr   .          Rampage  .   (no gloves)
Will    .....                   (no boots)
Stlth   ++........              (no amulet)
HPRegen 0.08/turn               k - ring of magical power
MPRegen 0.14/turn               d - ring of protection from cold

@: mighty, brilliant
A: large bone plates 1
a: no special abilities


You were on level 3 of the Dungeon.
You visited 1 branch of the dungeon, and saw 3 of its levels.

You collected 64 gold pieces.

Inventory:

Hand Weapons
 a - a +1 dagger (weapon)
Missiles
 r - 5 curare-tipped darts (quivered)
Armour
 b - a +1 robe (worn)
 f - a +0 cloak
Jewellery
 c - a ring of willpower
 d - a ring of protection from cold (right hand)
 k - a ring of magical power (left hand)
Wands
 m - a wand of paralysis (8)
 n - a wand of digging (8)
Scrolls
 g - a scroll of amnesia
 o - a scroll of identify {unknown}
 p - a scroll of enchant armour
Potions
 i - a potion of ambrosia {unknown}
 j - 2 potions of brilliance
 l - a potion of degeneration {unknown}
 q - a potion of haste {unknown}


   Skills:
 + Level 1.5 Fighting
 * Level 2.4 Short Blades
 - Level 1.7 Dodging
 + Level 2.8 Stealth
 - Level 2.0 Spellcasting
 - Level 3.0 Hexes
 + Level 1.2 Ice Magic


You had 4 spell levels left.
You knew the following spells:

 Your Spells              Type           Power      Damage    Failure   Level
a - Ensorcelled Hibernat  Hex/Ice        28%        N/A       12%         2

Your spell library contained the following spells:

 Spells                   Type           Power      Damage    Failure   Level
 Confusing Touch          Hex            18%        N/A       16%         3
 Tukima's Dance           Hex            18%        N/A       16%         3
 Dazzling Flash           Conj/Hex       20%        N/A       28%         3


Dungeon Overview and Level Annotations

Branches:
Dungeon (3/15)

Altars:

Annotations:
D:3 exclusion: orc


Innate Abilities, Weirdness & Mutations

You are partially covered in large bone plates. (SH +4)


Message History

You closely miss the orc.
The orc is severely wounded.
You block the bat's attack. The orc barely misses you.
You hit the orc but do no damage.
The orc is severely wounded.
You block the bat's attack. The bat misses you.
The orc hits you with a +0 dagger.
You hit the orc.
The orc is almost dead.
The bat hits you but does no damage. The bat closely misses you.
The orc hits you with a +0 dagger.
You hit the orc.
You kill the orc!
The bat misses you.
Casting: Ensorcelled Hibernation (safe; 12% risk of failure)
Confirm with . or Enter, or press ? or * to list all spells.
Aiming: Ensorcelled Hibernation (safe; 12% risk of failure)
Press: ? - help, Shift-Dir - straight line, f - orc wizard
Aim: an orc wizard, wielding a +0 dagger and wearing a +1 robe of resistance (not susceptible)
Okay, then.
You hit the orc wizard.
The orc wizard is lightly wounded.
The bat hits you but does no damage.
You hit the orc wizard but do no damage.
The orc wizard is lightly wounded.
The bat hits you but does no damage.
The orc hits you from afar with a +0 trident.
The orc wizard hits you with a +0 dagger.
It was a potion of brilliance.
You feel clever all of a sudden. You block the bat's attack.
The orc hits you from afar with a +0 trident!
* * * LOW HITPOINT WARNING * * *
The orc wizard closely misses you. The bat hits you.
* * * LOW HITPOINT WARNING * * *
It was a potion of might.
You feel very mighty all of a sudden. The bat hits you but does no damage.
You block the orc wizard's attack.
The orc hits you from afar with a +0 trident.
You die...

*,#......§§§§§##.....# *,*
*,#........§..##.....# *,*
**,#...........##.....# *,*
**,##############.....# *,*
#*,******** #.....# *,*
#*,,,,,,,,* #.....#### *,*
o,,,,,,,,,* #oJ......# *,*
,,,,,,,,,.#######ooo.....# *,*
,,,,,,,,,.......@##......# *,*
,,,,,,,,,.......b##.o....#**,**
,,,,,,,,,........##......#*,,,**
*,,**,,,,........##o)....#...,,**
*,,**,,,,........##.....o..♣**,,*
**>,',,,,.................♣♣_**,,
****,,,,.........#......♣♣,,,**,
*,,,,...#.#.#.#.....♣♣,,,,,**
*****,,,,.J..,.....♣♣,,,,,*,*


You could see an orc wizard, 3 orcs, an endoplasm and a bat.

Vanquished Creatures
  2 adders (D:2)
  A worm (D:2)
  A dart slug (D:1)
  3 orcs (D:3)
  2 ball pythons (D:2)
  3 endoplasms
  A giant cockroach (D:2)
  3 goblins
  3 hobgoblins
  4 quokkas
  3 bats
  3 frilled lizards
  5 kobolds
  6 rats
40 creatures vanquished.

Notes
Turn   | Place    | Note
-------+----------+-------------------------------------------
     0 | D:1      | freelancePsychic the Demonspawn Enchanter began the quest
                  | for the Orb.
     0 | D:1      | Reached XP level 1. HP: 13/13 MP: 3/3
    44 | D:1      | Reached skill level 1 in Short Blades
   443 | D:1      | Gained mutation: You are partially covered in large bone
                  | plates. (SH +4) [demonic ancestry]
   443 | D:1      | Reached XP level 2. HP: 5/20 MP: 5/5
   803 | D:1      | You fall into a shaft and drop 1 floor!
   895 | D:1      | Learned a level 2 spell: Ensorcelled Hibernation
  1383 | D:2      | Reached skill level 1 in Fighting
  1456 | D:2      | Reached XP level 3. HP: 26/26 MP: 6/6
  1470 | D:2      | Reached skill level 1 in Ice Magic
  2580 | D:3      | Slain by an orc

Illustrated notes

Levels and vault maps discovered:
D:1:      mushboom_english_gardens, layout_basic, minmay_statues_item,
          fountainhead, minmay_misc_feat_x
D:2:      layout_rooms
D:3:      layout_basic, dilly_ecumenical_altar_fadedgnrine, serial_glass,
          glass_columns_a, glass_columns_b, minmay_cupped

Skill      XL: |  1  2  3 |
---------------+----------+-----
Short Blades   | 1 2 |  2.4
Fighting       | 1 |  1.5
Ice Magic      | 1 |  1.2
Dodging        | |  1.7
Stealth        | |  2.8
Spellcasting   | |  2.0
Hexes          | |  3.0

Action                   || total
-------------------------++-------
Melee: Dagger            ||   138
 Cast: Ensorcelled Hiber ||    15
  Use: Scroll            ||     8
       Potion            ||     4
 Stab: Sleeping          ||    11
       Invisible         ||     2
Armor: Robe              ||    26
Dodge: Dodged            ||    71
Block: Other             ||    19

Table legend: (Time is in decaauts)
 A = Elapsed time spent in this place.
 B = Non-inter-level travel time spent in this place.
 C = Inter-level travel time spent in this place.
 D = Time resting spent in this place.
 E = Time spent auto-exploring this place.
 F = Levels seen in this place.
 G = Mean time per level.
                   A        B        C        D        E       F      G
               +--------+--------+--------+--------+--------+-----+--------+
         Total |   2567 |   2525 |     42 |    156 |   1989 |   3 |  855.7 |
       Dungeon |   2567 |   2525 |     42 |    156 |   1989 |   3 |  855.7 |
               +--------+--------+--------+--------+--------+-----+--------+

Top non-repeatable levels by time:
     D:1: 1208 daAuts
     D:2: 910 daAuts
     D:3: 448 daAuts
